 Dungeon Crawl Stone Soup version 0.27-a0-1299-g1ab19c6527 (webtiles) character file.

Game seed: 1675068985104947350

149 kae the Chopper (level 5, -3/48 HPs)
             Began as a Hill Orc Fighter on June 16, 2021.
             Slain by an ogre (12 damage)
             ... on level 3 of the Dungeon.
             The game lasted 00:01:51 (2706 turns).

kae the Chopper (Hill Orc Fighter)                  Turns: 2706, Time: 00:01:51

Health: -3/48      AC: 11    Str: 20    XL:     5   Next: 31%
Magic:  5/5        EV:  3    Int:  8    God:
Gold:   98         SH:  9    Dex: 10    Spells: 4/4 levels left

rFire    . . .     SeeInvis .   a - +0 war axe
rCold    . . .     Faith    .   c - +0 kite shield
rNeg     . . .     Spirit   .   i - +0 plate armour
rPois    .         Reflect  .   (no helmet)
rElec    .         Harm     .   (no cloak)
rCorr    .         Rampage  .   (no gloves)
Will     .....                  (no boots)
Stlth    ..........             (no amulet)
HPRegen  0.16/turn              (no ring)
MPRegen  0.09/turn              (no ring)

@: no status effects
A: no striking features
a: no special abilities


You were on level 3 of the Dungeon.
You visited 1 branch of the dungeon, and saw 3 of its levels.

You collected 98 gold pieces.

Inventory:

Hand Weapons
 a - a +0 war axe (weapon)
Armour
 b - a +0 scale mail
 c - a +0 kite shield (worn)
 i - a +0 plate armour (worn)
Jewellery
 f - a ring of flight
Wands
 n - a wand of iceblast (6)
Scrolls
 j - 4 scrolls of identify
 l - a scroll of amnesia
Potions
 d - a potion of might
 e - a potion of degeneration
 h - a potion of haste {unknown}
 m - a potion of heal wounds {unknown}


   Skills:
 + Level 5.0 Fighting
 * Level 6.0 Axes
 - Level 3.2 Armour
 - Level 3.2 Shields


You had 4 spell levels left.
You didn't know any spells.
Your spell library contained the following spells:

 Spells                   Type           Power      Damage    Failure   Level
 Animate Skeleton         Necr           0%         N/A       100%        1
 Apportation              Tloc           0%         N/A       100%        1
 Beastly Appendage        Tmut           0%         N/A       100%        1
 Corona                   Hex            0%         N/A       100%        1
 Magic Dart               Conj           0%         1d3       100%        1
 Summon Small Mammal      Summ           0%         N/A       100%        1
 Call Imp                 Summ           0%         N/A       100%        2
 Searing Ray              Conj           0%         3d3       100%        2
 Wereblood                Tmut           0%         N/A       100%        2
 Call Canine Familiar     Summ           0%         N/A       100%        3
 Dazzling Flash           Conj/Hex       0%         N/A       100%        3
 Spider Form              Tmut/Pois      0%         N/A       100%        3
 Summon Guardian Golem    Hex/Summ       0%         N/A       100%        3
 Fulminant Prism          Conj/Hex       0%         3d6       100%        4
 Ice Form                 Ice/Tmut       0%         N/A       100%        4
 Iskenderun's Mystic Bla  Conj/Tloc      0%         2d3       100%        4
 Summon Ice Beast         Ice/Summ       0%         N/A       100%        4
 Summon Lightning Spire   Summ/Air       0%         N/A       100%        4


Dungeon Overview and Level Annotations

Branches:
Dungeon (3/15)

Altars:
Elyvilon

Shops:
D:2 :   D:3 :


Message History

There is a stone staircase leading up here.
There are monsters nearby!
There are monsters nearby!
You barely miss the rat. The rat bites you.
You hit the rat but do no damage. The rat barely misses you.
You slash the rat!
You kill the rat!
The endoplasm barely misses you.
You slash the endoplasm!
You kill the endoplasm!
HP restored.
You see here a rat corpse.
The ogre shouts!
An ogre is nearby!
An ogre is nearby!
The ogre hits you with a +0 giant spiked club!
You hit the ogre.
The ogre is lightly wounded.
You block the ogre's attack.
An ogre is nearby!
An ogre is nearby!
You slash the ogre!
The ogre is heavily wounded.
The ogre hits you with a +0 giant spiked club!
You are too injured to fight recklessly!
You are too injured to fight recklessly!
You are too injured to fight recklessly!
You are too injured to fight recklessly!
You are too injured to fight recklessly!
You hit the ogre.
The ogre is heavily wounded.
The ogre hits you with a +0 giant spiked club.
You slash the ogre!
The ogre is almost dead.
The ogre hits you with a +0 giant spiked club!
* * * LOW HITPOINT WARNING * * *
You barely miss the ogre.
The ogre is almost dead.
The ogre hits you with a +0 giant spiked club!
You die...

###.#####..............O.#####
.....# #.###.#####...........
###..####.# #.#####.#<#..#####
#......##.# #.##..........#
#.#..#.##.# #.#..##.#.#...#
#.#..#....# #.#.###.......#
#.#..#.######.#.# #.#.#...#
#.#.............###.#.#...######
................@O.............##
..##.#...#####.###..#.....##.∩..#
..##.#...# #.# #.##.###.(......
..##.#...# #.# #.##.# #####...#
..##.#...# #.# #.##.# ##.##
.........# #.# #.##.# ###
........## #.# #..... ..##.#.##
#.# .).... ..##.#.#######.


You could see an ogre.

Vanquished Creatures
  A scorpion (D:3)
  4 gnolls (D:2)
  2 adders (D:3)
  3 ball pythons
  7 endoplasms
  A giant cockroach (D:1)
  4 goblins
  3 hobgoblins (D:1)
  2 jackals (D:2)
  2 kobolds
  3 rats
32 creatures vanquished.

Notes
Turn   | Place    | Note
-------+----------+-------------------------------------------
     0 | D:1      | kae the Hill Orc Fighter began the quest for the Orb.
     0 | D:1      | Reached XP level 1. HP: 19/19 MP: 1/1
    91 | D:1      | Reached skill level 3 in Axes
   132 | D:1      | Found a faded altar of an unknown god.
   272 | D:1      | Reached XP level 2. HP: 25/27 MP: 2/2
  1223 | D:2      | Reached skill level 4 in Axes
  1241 | D:2      | Found Kogank's Book Boutique.
  1270 | D:2      | Found a white marble altar of Elyvilon.
  1305 | D:2      | Reached XP level 3. HP: 30/33 MP: 3/3
  1588 | D:2      | Reached XP level 4. HP: 9/41 MP: 4/4
  1977 | D:3      | Reached skill level 5 in Axes
  1992 | D:3      | Found Pafor's Book Boutique.
  2055 | D:3      | Noticed a scorpion
  2063 | D:3      | Killed a scorpion
  2064 | D:3      | Reached XP level 5. HP: 47/47 MP: 5/5
  2348 | D:3      | Reached skill level 5 in Fighting
  2348 | D:3      | Reached skill level 6 in Axes
  2364 | D:3      | Noticed an ogre
  2366 | D:3      | HP: 1/48 [ogre (28)]
  2706 | D:3      | Slain by an ogre

Illustrated notes

Levels and vault maps discovered:
D:1:      dpeg_arrival_rhombi, layout_basic, hellmonk_ecumenical_altar_zigzags
D:2:      minmay_general_purpose_star, layout_basic, serial_shops,
          nicolae_diamond_shop, basic_altar
D:3:      layout_loops_ring, serial_shops, shop, kennysheep_donut,
          minmay_rat_hole

Skill      XL: |  1  2  3  4  5 |
---------------+----------------+-----
Axes           | 3 4 5 6 |  6.0
Fighting       | 4 5 |  5.0
Armour         | |  3.2
Shields        | |  3.2

Action                   |  1- 3 |  4- 6 || total
-------------------------+-------+-------++-------
Melee: War axe           |    73 |    39 ||   112
  Use: Scroll            |     2 |     5 ||     7
       Potion            |       |     1 ||     1
Armor: Scale mail        |    13 |       ||    13
       Plate armour      |    37 |    16 ||    53
Dodge: Dodged            |    13 |     5 ||    18
Block: Kite shield       |    41 |    16 ||    57

Table legend: (Time is in decaauts)
 A = Elapsed time spent in this place.
 B = Non-inter-level travel time spent in this place.
 C = Inter-level travel time spent in this place.
 D = Time resting spent in this place.
 E = Time spent auto-exploring this place.
 F = Levels seen in this place.
 G = Mean time per level.
                   A        B        C        D        E       F      G
               +--------+--------+--------+--------+--------+-----+--------+
         Total |   2763 |   2662 |    101 |    195 |   2114 |   3 |  921.0 |
       Dungeon |   2763 |   2662 |    101 |    195 |   2114 |   3 |  921.0 |
               +--------+--------+--------+--------+--------+-----+--------+

Top non-repeatable levels by time:
     D:2: 1147 daAuts
     D:1: 1086 daAuts
     D:3: 529 daAuts
